 Dungeon Crawl Stone Soup version 0.17-a0-2231-gd80ca38 (webtiles) character file.

6106 nubinia the Thaumaturge (level 10, -4/60 HPs)
             Began as a High Elf Air Elementalist on Oct 29, 2015.
             Was a Believer of Vehumet.
             Slain by a wolf (10 damage)
             ... led by Grum
             ... on level 1 of the Lair of Beasts.
             The game lasted 00:53:26 (9965 turns).

nubinia the Thaumaturge (High Elf Air Elementalist) Turns: 9965, Time: 00:53:28

Health: -4/60      AC:  5    Str: 10    XL:     10   Next: 58%
Magic:  25/33      EV: 14    Int: 23    God:    Vehumet [**....]
Gold:   381        SH:  3    Dex: 16    Spells: 8 memorised, 9 levels left

rFire  . . .     SeeInvis .     b - +0 blowgun
rCold  . . .     Clarity  .     R - +1 robe {rN+}
rNeg   + . .     SustAt   .     U - +0 buckler
rPois  .         Gourm    .     I - +0 helmet
rElec  .         Spirit   .     (no cloak)
rCorr  .         Warding  .     M - +0 pair of gloves
rMut   .         Stasis   .     (no boots)
MR     +....                    (no amulet)
Stlth  +++.......               F - +3 ring of strength
                                r - ring of magical power

@: about to teleport, shrouded, somewhat resistant to hostile enchantments,
fairly stealthy
A: no striking features
a: Renounce Religion


You were on level 1 of the Lair of Beasts.
You worshipped Vehumet.
Vehumet was pleased with you.
You were not hungry.

You visited 3 branches of the dungeon, and saw 11 of its levels.

You collected 495 gold pieces.
You spent 114 gold pieces at shops.

Inventory:

Hand Weapons
 a - a +1 dagger of venom
 b - a +0 blowgun (weapon)
 n - the +14 obsidian axe {chop, +Fly Str+3 SInv *Curse}
   (You found it on level 5 of the Dungeon)

   It inflicts extra damage upon your enemies.
   It affects your strength (+3).
   It lets you see invisible.
   It lets you fly.
   It may re-curse itself when equipped.
 C - a +0 shortbow
 E - a +0 short sword
Missiles
 j - 212 arrows
 s - 6 arrows of flame
 w - 17 poisoned needles (quivered)
 P - 11 arrows of dispersal
Armour
 e - a +1 robe
 I - a +0 helmet (worn)
 M - a +0 pair of gloves (worn)
 R - a +1 robe of positive energy (worn)
 S - the +1 leather armour "Dapt" {*Confuse +Fly rC+ MP-9}
   (You found it on level 9 of the Dungeon)

   It protects you from cold.
   It affects your magic capacity (-9).
   It lets you fly.
   It may confuse you when you take damage.
 U - a +0 buckler (worn)
Magical Staves
 L - an uncursed staff of conjuration
Jewellery
 r - a ring of magical power (left hand)
 y - an uncursed ring of sustain attributes
 F - a +3 ring of strength (right hand)
Wands
 D - a wand of lightning (6)
Scrolls
 q - 3 scrolls of remove curse
 u - a scroll of teleportation
 z - a scroll of magic mapping
 G - 2 scrolls of recharging
 O - 2 scrolls of identify
Potions
 d - 4 potions of resistance
 f - a potion of brilliance
 g - 3 potions of curing
 h - 2 potions of heal wounds
 i - 2 potions of might
 l - 4 potions of flight
 o - 2 potions of lignification
 t - a potion of poison
 x - a potion of magic
 B - 2 potions of agility
 Q - a potion of haste {unknown}
 T - a potion of invisibility {unknown}
Books
 v - a book of Air

   Spells                             Type                      Level
   a - Shock                          Conjuration/Air              1
   b - Swiftness                      Charms/Air                   2
   c - Repel Missiles                 Charms/Air                   2
   d - Static Discharge               Conjuration/Air              3
   e - Lightning Bolt                 Conjuration/Air              5
 H - a book of Summonings

   Spells                             Type                      Level
   a - Recall                         Summoning/Translocation      3
   b - Aura of Abjuration             Summoning                    5
   c - Shadow Creatures               Summoning                    5
   d - Summon Demon                   Summoning                    5
   e - Summon Forest                  Summoning/Translocation      5
   f - Summon Mana Viper              Hexes/Summoning              5
 J - a book of Spatial Translocations

   Spells                             Type                      Level
   a - Apportation                    Translocation                1
   b - Blink                          Translocation                2
   c - Shroud of Golubria             Charms/Translocation         2
   d - Portal Projectile              Translocation                3
   e - Teleport Other                 Translocation                3
   f - Passage of Golubria            Translocation                4
Comestibles
 c - 5 bread rations
 k - 3 meat rations
 A - 3 fruits
 K - a royal jelly
 N - a beef jerky


   Skills:
 + Level 1.7 Fighting
 + Level 1.3 Short Blades
 + Level 2.3 Throwing
 + Level 5.4 Dodging
 + Level 4.6 Stealth
 + Level 9.4 Spellcasting
 + Level 7.4 Conjurations
 + Level 5.0 Charms
 * Level 5.5 Translocations
 + Level 9.2 Air Magic


You had 9 spell levels left.
You knew the following spells:

 Your Spells              Type           Power        Failure   Level  Hunger
a - Shock                 Conj/Air       ####         1%          1    None
b - Swiftness             Chrm/Air       #####...     1%          2    None
c - Static Discharge      Conj/Air       #####...     1%          3    None
d - Lightning Bolt        Conj/Air       #####.....   12%         5    ####...
e - Apportation           Tloc           #####.....   1%          1    None
f - Blink                 Tloc           N/A          1%          2    None
g - Shroud of Golubria    Chrm/Tloc      #####.....   1%          2    None
r - Repel Missiles        Chrm/Air       #####.       1%          2    None


Dungeon Overview and Level Annotations

Branches:
Dungeon (9/15)             Temple (1/1) D:7            Lair (1/8) D:9
    Orc: D:9-12

Altars:
Ashenzari
Cheibriados
Dithmenos
Elyvilon
Fedhas
Gozag
Kikubaaqudgha
Makhleb
Nemelex Xobeh
Okawaru
Qazlal
Ru
Sif Muna
Trog
Vehumet
Xom
Yredelemnul
Zin
The Shining One

Shops:
D:5 ?

Annotations:
Lair:1 Grum


Message History

2 yaks come into view.
A yak comes into view.
The yak bellows!
The giant frog closely misses you. The yak completely misses you.
The giant frog barely misses you. The giant frog misses you.
The wolf misses you. You block the giant frog's attack.
The wolf seems to regain its courage.
The giant frog hits the fungus.
Your shroud bends the wolf's attack away!
You block the wolf's attack.
Your shroud bends the wolf's attack away.
Read which item? (? for menu, Esc to quit)
As you read the scroll of teleportation, it crumbles to dust.
You feel strangely unstable.
The yak bellows! x2
The wolf bites you.
* * * LOW HITPOINT WARNING * * *
Your shroud bends the wolf's attack away.
The wolf bites you!
You die...

.####......#..# #..Y..(Y.h
...........P..#P###.#....h.
...........P...............
...........#........#......
......g....#........#.?####
.........h.#........# .#
..###P.##P.#....(.... ..
..# ######g#.P#+####....#
..# #....Fh@......#
#....Yh........
#.....Y........
#..............
#....Y####.#### #...... ##
#.....## #.....#


You could see Grum, 3 yaks, 2 wolves and a giant frog.

Vanquished Creatures
  Pikel (D:7)
  A manticore (D:9)
  A cyclops (D:9)
  Joseph (D:7)
  Psyche (D:8)
  A two-headed ogre (D:8)
  5 yaks (Lair:1)
  A hungry ghost (D:5)
  2 wolves (Lair:1)
  A slave (D:7)
  2 orc warriors (D:9)
  An eye of draining (D:9)
  2 centaurs
  A phantom (D:7)
  A necrophage (D:5)
  4 giant frogs
  A wyvern zombie (D:9)
  4 scorpions
  7 killer bees
  4 wights (D:8)
  5 crimson imps
  A giant frog zombie (D:5)
  A giant frog skeleton (D:5)
  A quasit (D:7)
  A jelly (D:9)
  A centaur zombie (D:5)
  7 orc wizards
  An orc priest (D:5)
  5 worker ants
  6 hounds
  A centaur skeleton (D:7)
  7 iguanas
  A hound zombie (D:9)
  A worker ant zombie (D:6)
  5 river rats (Lair:1)
  15 adders
  5 gnolls
  3 shadow imps
  An adder skeleton (D:4)
  2 oozes
  3 worms
  6 giant geckos
  23 orcs
  9 hobgoblins
  8 kobolds
  8 quokkas
  2 ball pythons
  8 bats
  6 giant cockroaches
  A giant cockroach zombie (D:5)
  A giant newt (D:1)
  9 goblins
  5 jackals
  A quokka zombie (D:6)
  6 rats
208 creatures vanquished.

Vanquished Creatures (others)
  A sky beast (D:7)
  A slave (D:7)
  An ice beast (D:7)
  A centaur (D:7)
  A hound (D:7)
  A quasit (D:7)
  A jackal (D:7)
  A giant newt (D:7)
8 creatures vanquished.

Grand Total: 216 creatures vanquished

Notes
Turn   | Place    | Note
--------------------------------------------------------------
     0 | D:1      | nubinia the High Elf Air Elementalist began the quest for the Orb.
     0 | D:1      | Reached XP level 1. HP: 11/11 MP: 4/4
   454 | D:1      | Reached skill level 4 in Air Magic
   534 | D:1      | Reached XP level 2. HP: 17/17 MP: 3/6
   566 | D:1      | Learned a level 2 spell: Repel Missiles
   570 | D:1      | Learned a level 2 spell: Swiftness
  1189 | D:1      | Reached XP level 3. HP: 21/21 MP: 6/8
  1194 | D:1      | Learned a level 3 spell: Static Discharge
  1465 | D:2      | Reached skill level 1 in Charms
  1691 | D:2      | Reached XP level 4. HP: 27/27 MP: 8/10
  2532 | D:3      | Found an opulent altar of Gozag.
  2592 | D:3      | Found a faded altar to an unknown god.
  2637 | D:3      | Found a sparkling altar of Nemelex Xobeh.
  2641 | D:3      | Reached XP level 5. HP: 31/31 MP: 7/11
  2991 | D:3      | Found a sparkling altar of Nemelex Xobeh.
  3497 | D:4      | Found an iron altar of Okawaru.
  3559 | D:4      | Reached skill level 5 in Air Magic
  3802 | D:4      | Reached XP level 6. HP: 35/37 MP: 13/13
  4151 | D:5      | Entered Level 5 of the Dungeon
  4444 | D:5      | Reached skill level 5 in Spellcasting
  4444 | D:5      | Reached XP level 7. HP: 40/42 MP: 15/15
  4490 | D:5      | Found a shimmering altar of Xom.
  4492 | D:5      | Found a burning altar of Makhleb.
  4768 | D:5      | Found Cess's Magic Scroll Boutique.
  4777 | D:5      | Bought a scroll of magic mapping for 42 gold pieces
  4783 | D:5      | Bought a scroll of identify for 24 gold pieces
  4783 | D:5      | Bought a scroll of identify for 24 gold pieces
  4783 | D:5      | Bought a scroll of identify for 24 gold pieces
  4822 | D:5      | Reached skill level 6 in Air Magic
  5080 | D:5      | Reached XP level 8. HP: 47/47 MP: 17/17
  5087 | D:5      | Learned a level 5 spell: Lightning Bolt
  6258 | D:6      | Reached skill level 1 in Short Blades
  6258 | D:6      | Reached skill level 7 in Air Magic
  6281 | D:6      | Learned a level 2 spell: Shroud of Golubria
  6384 | D:7      | Reached skill level 1 in Fighting
  6387 | D:7      | Found a staircase to the Ecumenical Temple.
  6403 | Temple   | Entered the Ecumenical Temple
  6792 | Temple   | Became a worshipper of Vehumet
  6897 | D:7      | Noticed Pikel
  6925 | D:7      | Killed Pikel
  6925 | D:7      | Reached skill level 5 in Conjurations
  6925 | D:7      | Reached skill level 1 in Translocations
  6925 | D:7      | Reached XP level 9. HP: 34/53 MP: 14/20
  7081 | D:7      | Noticed Joseph
  7748 | D:7      | Killed Joseph
  7970 | D:8      | Reached skill level 8 in Air Magic
  7982 | D:8      | Noticed Psyche
  8293 | D:8      | Reached * piety under Vehumet
  8293 | D:8      | Offered knowledge of Sandblast by Vehumet.
  8307 | D:8      | Reached skill level 5 in Dodging
  8310 | D:8      | Learned a level 1 spell: Apportation
  8313 | D:8      | Learned a level 2 spell: Blink
  8364 | D:8      | Reached skill level 1 in Throwing
  8700 | D:8      | Killed Psyche
  8937 | D:8      | Found a deep blue altar of Sif Muna.
  8937 | D:8      | Found a white marble altar of Elyvilon.
  8985 | D:9      | Reached XP level 10. HP: 54/59 MP: 23/23
  9129 | D:9      | Got a faintly glowing leather armour
  9140 | D:9      | Identified the cursed +1 leather armour "Dapt" {*Confuse +Fly rC+ MP-9} (You found it on level 9 of the Dungeon)
  9432 | D:9      | Noticed a cyclops
  9507 | D:9      | Killed a cyclops
  9507 | D:9      | Reached skill level 5 in Charms
  9527 | D:9      | Noticed a manticore
  9531 | D:9      | Killed a manticore
  9531 | D:9      | Reached skill level 9 in Spellcasting
  9531 | D:9      | Reached skill level 5 in Translocations
  9760 | D:9      | Found a staircase to the Lair.
  9797 | D:9      | Noticed a stone giant
  9806 | Lair:1   | Entered Level 1 of the Lair of Beasts
  9914 | Lair:1   | Reached ** piety under Vehumet
  9914 | Lair:1   | Offered knowledge of Freeze by Vehumet.
  9917 | Lair:1   | Noticed Grum
  9965 | Lair:1   | Slain by a wolf

Vault maps used:
D:1:      sevenhm_arrival_forest_fort_large_4
D:2:      minmay_misc_feat_tiny
D:3:      nicolae_overflow_crystal_walls, grunt_gozag_breadcrumbs,
          ecumenical_altar_1, first_bread, nemelex_deck
D:4:      kennysheep_big_flooded_room, kennysheep_okawaru_gauntlet,
          serial_park_tiny_pond
D:5:      grunt_temple_overflow_champion_of_chaos, serial_shops, shop_statue,
          eino_curves_04
D:7:      temple_fountains, uniq_joseph, uniq_pikel
D:8:      gammafunk_temple_overflow_wave, uniq_psyche
D:9:      hangedman_cross_veins, lair_0_dummy
Temple:   minmay_temple_forest_path_12
Lair:1:   hangedman_lair_unloving_vines, uniq_grum

Action                   |  1- 3 |  4- 6 |  7- 9 | 10-12 || total
-------------------------+-------+-------+-------+-------++-------
Melee: Short sword       |    12 |     8 |       |       ||    20
       Dagger            |       |       |    64 |     6 ||    70
       Broad axe         |       |       |       |     4 ||     4
 Fire: Blowgun           |       |       |     8 |    26 ||    34
 Cast: Shock             |    65 |   143 |   249 |    76 ||   533
       Repel Missiles    |     1 |       |     1 |       ||     2
       Static Discharge  |       |     1 |    18 |     7 ||    26
       Shroud of Golubri |       |       |     7 |     4 ||    11
       Lightning Bolt    |       |       |     2 |     2 ||     4
  Use: Scroll            |     1 |     5 |    13 |     4 ||    23
       Potion            |     1 |       |       |       ||     1
 Stab: Sleeping          |     2 |     1 |     6 |     4 ||    13
  Eat: Chunk             |     2 |     7 |    16 |     3 ||    28
       Beef jerky        |       |     1 |       |       ||     1
       Fruit             |       |       |     1 |       ||     1
